 Dungeon Crawl Stone Soup version 0.24-a0-640-ge7cd8ce796 (webtiles) character file.

Game seed: 9261785940264710246, levelgen mode: classic

305 EnegeticOcto the Chiller (level 6, 0/37 HPs)
             Began as a Kobold Ice Elementalist on Sept 25, 2019.
             Slain by a gnoll
             ... wielding a +2 whip of flaming
              (5 damage)
             ... on level 3 of the Dungeon.
             The game lasted 00:07:52 (3860 turns).

EnegeticOcto the Chiller (Kobold Ice Elementalist)  Turns: 3860, Time: 00:07:53

Health: 0/37       AC:  5    Str:  7    XL:     6   Next: 66%
Magic:  7/9        EV: 14    Int: 16    God:
Gold:   136        SH:  0    Dex: 16    Spells: 3/9 levels left

rFire    . . .     SeeInvis .   l - +2 dagger (venom)
rCold    . . .     Gourm    .   (shield restricted)
rNeg     . . .     Faith    .   j - +0 leather armour
rPois    .         Spirit   .   (no helmet)
rElec    .         Reflect  .   p - +1 cloak
rCorr    .         Harm     .   (no gloves)
MR       .....                  (no boots)
Stlth    ++........             (no amulet)
HPRegen  0.12/turn              (no ring)
MPRegen  0.11/turn              (no ring)

@: about to teleport, lightly drained
A: small, carnivore
a: no special abilities


You were on level 3 of the Dungeon.
You were very full.

You visited 1 branch of the dungeon, and saw 6 of its levels.

You collected 136 gold pieces.

Inventory:

Hand Weapons
 f - a +3 whip
 l - a +2 dagger of venom (weapon)
 r - a +2 whip of draining
 s - a +2 vampiric dagger
Missiles
 b - 14 poisoned darts
 o - 7 curare-tipped darts (quivered)
Armour
 c - a +0 plate armour
 j - a +0 leather armour (worn)
 p - a +1 cloak (worn)
Scrolls
 m - a scroll of remove curse {unknown}
Potions
 a - a potion of agility {unknown}
 g - a potion of ambrosia {unknown}
 h - a potion of heal wounds {unknown}
 k - 2 potions of flight {unknown}
 n - a potion of curing {unknown}
Comestibles
 e - 4 rations
 q - 5 chunks of flesh


   Skills:
 + Level 3.4(3.2) Fighting
 + Level 3.3(3.1) Short Blades
 - Level 1.2(1.1) Maces & Flails
 + Level 2.6(2.4) Dodging
 + Level 4.1(4.0) Stealth
 - Level 2.1(2.0) Spellcasting
 - Level 1.0(0.8) Conjurations
 - Level 4.4(4.2) Ice Magic


You had 3 spell levels left.
You knew the following spells:

 Your Spells              Type           Power        Failure   Level  Hunger
a - Freeze                Ice            ###.         5%          1    #......
b - Throw Frost           Conj/Ice       #.....       17%         2    ###....
c - Ozocubu's Armour      Chrm/Ice       #.......     36%         3    ###....

Your spell library contained the following spells:

 Spells                   Type           Power        Failure   Level  Hunger
 Throw Icicle             Conj/Ice       #.......     73%         4    #####..
 Summon Ice Beast         Ice/Summ       #.......     78%         4    #####..


Dungeon Overview and Level Annotations

Branches:
Dungeon (6/15)
 Temple: D:4-7

Altars:
Dithmenos
Nemelex Xobeh
Qazlal
Yredelemnul
Zin

Annotations:
D:3 1 transporter, oberejnoburuli's ghost, amateur TeMo


Innate Abilities, Weirdness & Mutations

You are small and have problems with some larger weapons.
You are carnivorous and can eat meat at any time.


Message History

Found a dagger.
You see here a ration.
You barely miss the worm. The worm bites you.
You hit the worm.
The worm is lightly wounded.
You hit the worm.
The worm is poisoned.
The worm is moderately wounded.
The worm closely misses you.
You barely miss the worm.
The worm is heavily wounded.
You hit the worm.
The worm is severely wounded.
The worm completely misses you.
You barely miss the worm.
The worm is severely wounded.
You hit the worm but do no damage.
The worm looks even sicker.
The worm is severely wounded.
The worm bites you!
You hit the worm.
The worm looks as sick as possible!
The worm is almost dead.
You hit the worm but do no damage.
The worm is almost dead.
The worm closely misses you.
You hit the worm.
You kill the worm!
No target in view!
No target in view!
No target in view!
No target in view!
No target in view!
e - 4 rations (gained 1)
You start resting.
Some of the chunks of flesh in your inventory have rotted away.
HP restored.
There is a stone staircase leading down here.
There is a stone staircase leading up here.
You climb upwards.
A frilled lizard comes into view.
Found 19 stones.
Found an escape hatch in the ceiling.
There is a stone staircase leading down here.
Found 15 gold pieces.
There is an escape hatch in the ceiling here.
Really go through this one-way escape hatch?
A mysterious force pulls you upwards. The hatch slams shut behind you.
Level annotation: 1 transporter, oberejnoburuli's ghost, amateur TeMo The orc shouts!
An adder, a goblin and 3 gnolls come into view.
A gnoll is wielding a +2 whip of flaming.
The goblin shouts!
The gnoll shouts! x2; You hear a shout!
A gnoll comes into view.
The orc barely misses you. The adder barely misses you.
The orc hits you with a +0 morningstar. The adder bites you.
The gnoll shouts!
You hear a shout!
Press: ? - help, v - describe, . - travel
Here: an adder The floor.
Casting: Throw Frost (safe; 17% risk of failure)
Confirm with . or Enter, or press ? or * to list all spells.
Aiming: Freeze (safe; 5% risk of failure)
Press: ? - help, Shift-Dir - straight line, f - adder
Aim: an adder You freeze the adder.
The adder is moderately wounded.
The adder misses you. The orc hits you with a +0 morningstar!
Casting: Freeze (safe; 5% risk of failure)
Confirm with . or Enter, or press ? or * to list all spells.
Aiming: Freeze (safe; 5% risk of failure)
Press: ? - help, Shift-Dir - straight line, f/p - adder
Aim: an adder (moderately wounded)
You freeze the adder.
The adder is severely wounded.
The adder seems to slow down.
The gnoll hits you with a +2 whip of flaming.
The gnoll burns you. The adder barely misses you. The gnoll misses you.
Casting: Freeze (safe; 5% risk of failure)
Confirm with . or Enter, or press ? or * to list all spells.
Aiming: Freeze (safe; 5% risk of failure)
Press: ? - help, Shift-Dir - straight line, f/p - adder
Aim: an adder (severely wounded, slow)
You freeze the adder.
The adder is almost dead.
The adder seems to slow down.
The orc misses you. The gnoll misses you.
The gnoll hits you but does no damage. The adder bites you.
The orc throws a boomerang.
The boomerang hits you but does no damage.
The weapon returns to the orc!
The adder bites you but does no damage. The gnoll barely misses you.
The adder barely misses you.
As you read the scroll labeled DUSHAR DONKANN, it crumbles to dust.
It is a scroll of enchant armour.
Your +0 cloak glows green for a moment.
The goblin closely misses you.
The gnoll hits you from afar with a +0 spear.
As you read the scroll labeled LUIWEI NIEXA, it crumbles to dust.
You feel strangely unstable.
It was a scroll of teleportation.
The adder misses you.
The gnoll hits you from afar with a +0 spear!
* * * LOW HITPOINT WARNING * * *
The gnoll hits you but does no damage. The goblin hits you with a +0 dagger.
* * * LOW HITPOINT WARNING * * *
The gnoll hits you with a +2 whip of flaming.
You die...

. #.
####### ##
#.....#
#.....#
#.....#
#.....#
#....@###
#...ggS.#
####gogg#
#....#
#....#
#........#
#.....####
. #..... #
#.....


You could see 4 gnolls, an adder, an orc and a goblin.

Vanquished Creatures
  Sigmund (D:2)
  5 adders
  2 oozes (D:1)
  5 worms
  2 dart slugs (D:2)
  3 leopard geckos
  5 orcs (D:3)
  A ball python (D:1)
  6 giant cockroaches
  12 goblins
  2 hobgoblins (D:1)
  11 bats
  4 frilled lizards (D:1)
  6 kobolds
  6 rats
71 creatures vanquished.

Notes
Turn   | Place    | Note
-------+----------+-------------------------------------------
     0 | D:1      | EnegeticOcto the Kobold Ice Elementalist began the quest
                  | for the Orb.
     0 | D:1      | Reached XP level 1. HP: 10/10 MP: 3/3
   311 | D:1      | Reached XP level 2. HP: 15/15 MP: 3/5
   709 | D:1      | Reached XP level 3. HP: 20/20 MP: 6/6
   781 | D:1      | Reached skill level 1 in Fighting
   907 | D:1      | Learned a level 2 spell: Throw Frost
   911 | D:1      | Learned a level 3 spell: Ozocubu's Armour
  1029 | D:2      | Noticed Sigmund
  1942 | D:2      | Reached skill level 1 in Maces & Flails
  1970 | D:2      | Reached XP level 4. HP: 24/25 MP: 4/7
  2381 | D:2      | Found a sparkling altar of Nemelex Xobeh.
  2530 | D:2      | Found a glowing silver altar of Zin.
  2533 | D:2      | Found a stormy altar of Qazlal.
  2536 | D:2      | Found a shadowy altar of Dithmenos.
  2554 | D:2      | Found a basalt altar of Yredelemnul.
  2767 | D:2      | Killed Sigmund
  2767 | D:2      | Reached XP level 5. HP: 32/32 MP: 8/8
  2767 | D:2      | Reached XP level 6. HP: 37/37 MP: 9/9
  3482 | D:3      | Noticed oberejnoburuli's ghost (amateur TeMo)
  3483 | D:3      | Found a transporter.
  3732 | D:3      | You fall into a shaft and drop 3 floors!
  3743 | D:5      | Entered Level 5 of the Dungeon
  3860 | D:3      | Slain by a gnoll

Levels and vault maps discovered:
D:1:      eino_arrival_cavern_e, layout_basic
D:2:      layout_basic, grunt_temple_overflow_cloverleaf, lemuel_crystal_altar,
          uniq_sigmund
D:3:      layout_basic, first_ration, gammafunk_ghost_stat_death
D:4:      layout_basic, ebering_ghost_sewer_f, uniq_menkaure
D:5:      layout_basic, uniq_crazy_yiuf_cottage, uniq_ijyb
D:6:      layout_cave_pools, old_standard_altar, lemuel_temple_firewalk_a,
          roderic_batcave

Skill      XL: |  1  2  3  4 |
---------------+-------------+-----
Stealth        | 3 4 |  4.1
Fighting       | 1 3 |  3.4
Maces & Flails | 1 |  1.2
Short Blades   | 3 |  3.3
Ice Magic      | 4 |  4.4
Dodging        | |  2.6
Spellcasting   | |  2.1
Conjurations   | |  1.0

Action                   |  1- 3 |  4- 6 || total
-------------------------+-------+-------++-------
Melee: Unarmed           |    25 |       ||    25
       Whip              |    41 |    26 ||    67
       Dagger            |       |    69 ||    69
Throw: Dart              |    23 |     7 ||    30
 Cast: Freeze            |    22 |     9 ||    31
       Throw Frost       |     1 |     6 ||     7
  Use: Scroll            |       |     2 ||     2
 Stab: Sleeping          |     5 |     7 ||    12
  Eat: Chunk             |    10 |     8 ||    18
Armor: Robe              |    12 |       ||    12
       Leather armour    |     2 |    23 ||    25
Dodge: Dodged            |    74 |    78 ||   152

Table legend:
 A = Non-vault XP
 B = Vault XP
 C = Vault XP percentage of total XP
 D = Non-vault monster count
 E = Vault monster count
 F = Vault count percentage of total count
                 A         B        C        D         E       F
            +---------+---------+-------+---------+---------+-------
      Total |     209 |     227 |  52.1 |      70 |       1 |   1.4
            +---------+---------+-------+---------+---------+-------
        D:1 |      49 |       0 |   0.0 |      25 |       0 |   0.0
        D:2 |      99 |     227 |  69.6 |      28 |       1 |   3.4
        D:3 |      57 |       0 |   0.0 |      16 |       0 |   0.0
        D:5 |       4 |       0 |   0.0 |       1 |       0 |   0.0
            +---------+---------+-------+---------+---------+-------
